cohdb
Replays
Latest Replays
All Replays
Popular Replays
Top Player Replays
Match Explorer
How It Works
Community
CoH3 Stats
Reddit
Sign in to upload your games and track your stats! →
Sign in with Steam
Match 38628447
Unlisted
Match 38628447
Overview
Messages
Build Orders
End
Kradschützen Motorcycle Team
Selects Italian Combined Arms Battlegroup
Selects Bersaglieri Squad
Bersaglieri Squad
Bersaglieri Squad
Bersaglieri Squad
Construct Light Support Kompanie
MG34 Team
2.5-tonne Medical Truck
Selects Bersaglieri Bolster
MG34 Team
MG34 Team
Construct Mechanized Kompanie
Selects Breda Model 30 Light Machine Guns
Marder III Tank Destroyer
Construct Panzerarmee Kommand
Selects Semovente da 75/18 Assault Gun
Panzer III L Medium Tank
Panzer III L Medium Tank
Vehicle Survival Package
Panzer III L Medium Tank
Selects Strafing Run
Tungsten Core Ammunition
Veteran Squad Leaders
Selects Artillery Cover
Armored Reserves
Artillery Cover
Fire Support Elements
Tiger Heavy Tank
Emergency Repair Kits
RykuN- `-´
KampfGLehr
OTTOMANEMPEROR
ConcernedApe
badiba
stryker_wing
0
0
Comments
sign in to comment!
No comments posted yet!